 Dungeon Crawl Stone Soup version 0.23.0-41-g86b089e62c (webtiles) character file.

Game seed: 3908179110982414954

346 Kisielow the Cudgeler (level 6, 0/79 HPs)
             Began as a Minotaur Fighter on Feb 28, 2019.
             Slain by a killer bee (4 damage)
             ... on level 4 of the Dungeon.
             The game lasted 00:04:23 (2939 turns).

Kisielow the Cudgeler (Minotaur Fighter)            Turns: 2939, Time: 00:04:23

Health: 0/79       AC: 23    Str: 23    XL:     6   Next: 32%
Magic:  5/5        EV:  2    Int:  5    God:
Gold:   185        SH: 10    Dex: 12    Spells: 5/5 levels left

rFire    . . .     SeeInvis .   a - +0 flail
rCold    + . .     Gourm    .   c - +0 shield
rNeg     + + +     Faith    .   (armour currently unavailable)
rPois    +         Spirit   .   (helmet currently unavailable)
rElec    .         Reflect  .   (cloak currently unavailable)
rCorr    .         Harm     .   (gloves currently unavailable)
MR       .....     NoTele   +   (boots currently unavailable)
Stlth    ++........             (no amulet)
HPRegen  0.23/turn              e - ring of poison resistance
MPRegen  0.09/turn              q - ring "Muk Tyca" {rC+ Dex+3 Stlth+}

@: tree-form
A: (retaliatory headbutt)
a: no special abilities


You were on level 4 of the Dungeon.
You were not hungry.
You were a tree.
You visited 1 branch of the dungeon, and saw 4 of its levels.

You collected 185 gold pieces.

Inventory:

Hand Weapons
 a - a +0 flail (weapon)
Armour
 c - a +0 shield (worn)
 g - a +0 chain mail (melded)
Jewellery
 e - a ring of poison resistance (left branch)
 m - an uncursed ring of ice
 q - a ring "Muk Tyca" (right branch) {rC+ Dex+3 Stlth+}
   (You found it on level 4 of the Dungeon)

   [ring of dexterity]

   It affects your dexterity (+3).
   It protects you from cold.
   It makes you more stealthy.
 u - an uncursed ring of protection from cold {unknown}
Scrolls
 b - 3 scrolls of identify {unknown}
 h - a scroll of random uselessness {unknown}
 i - a scroll of teleportation {unknown}
 k - 2 scrolls of remove curse {unknown}
 n - a scroll of fear {unknown}
 o - a scroll of blinking {unknown}
 s - a scroll of magic mapping {unknown}
Potions
 d - a potion of might
 j - a potion of haste {unknown}
 l - a potion of curing
 p - a potion of lignification
 r - a potion of magic {unknown}
Comestibles
 f - 3 rations
 t - a chunk of flesh


   Skills:
 + Level 4.5 Fighting
 * Level 6.7 Maces & Flails
 + Level 4.5 Armour
 + Level 4.4 Shields


You had 5 spell levels left.
You didn't know any spells.
Your spell library was empty.

Dungeon Overview and Level Annotations

Branches:
Dungeon (4/15)
 Temple: D:4-7

Altars:


Innate Abilities, Weirdness & Mutations

((You reflexively headbutt those who attack you in melee.))
((You have a pair of horns on your head.))


Message History

The killer bee stings you. You block the killer bee's attack.
The killer bee barely misses you.
The killer bee stings you but does no damage.
The killer bee closely misses you. The killer bee stings you. x2
* * * LOW HITPOINT WARNING * * *
The killer bee stings you but does no damage.
The killer bee stings you but does no damage.
The killer bee stings you.
* * * LOW HITPOINT WARNING * * *
You block the killer bee's attack. x2
The killer bee stings you but does no damage.
You block the killer bee's attack. The killer bee stings you.
* * * LOW HITPOINT WARNING * * *
You block the killer bee's attack. You block the killer bee's attack.
The killer bee stings you.
* * * LOW HITPOINT WARNING * * *
It was a potion of lignification.
You turn into a tree.
Your +0 chain mail melds into your body.
Your roots penetrate the ground.
The killer bee stings you.
You die...

..............................
##........[..###..............
.#........... ##...(........#
.#........... #..........####
.##......... #........%.#
.###........ #..........# ^.#
#..... ##..y......## #.# ##..
#.yy.......# ..##
##.♣y.....!##
.>.########.............#
.......................##
.......................#
......################.#
.......## .# ........## #
.........# ........##


You could see 4 killer bees.

Vanquished Creatures
  A killer bee (D:4)
  A scorpion (D:4)
  A jelly (D:2)
  2 orc wizards (D:4)
  2 worker ants (D:4)
  3 adders (D:2)
  2 worms
  3 dart slugs
  A leopard gecko (D:3)
  8 orcs
  9 bats
  5 giant cockroaches
  8 hobgoblins
  3 jackals (D:2)
  A quokka (D:2)
  4 frilled lizards
  10 goblins
  8 kobolds
  4 rats
76 creatures vanquished.

Notes
Turn   | Place    | Note
-------+----------+-------------------------------------------
     0 | D:1      | Kisielow the Minotaur Fighter began the quest for the Orb.
     0 | D:1      | Reached XP level 1. HP: 19/19 MP: 0/0
   126 | D:1      | Reached skill level 3 in Maces & Flails
   243 | D:1      | Reached XP level 2. HP: 24/26 MP: 1/1
   563 | D:2      | Reached skill level 4 in Maces & Flails
   573 | D:2      | Reached XP level 3. HP: 31/31 MP: 2/2
   918 | D:2      | Found a faded altar of an unknown god.
  1089 | D:2      | Reached skill level 5 in Maces & Flails
  1283 | D:2      | Reached XP level 4. HP: 33/39 MP: 3/3
  2326 | D:3      | Reached XP level 5. HP: 46/46 MP: 4/4
  2344 | D:4      | Got a brightly glowing granite ring
  2345 | D:4      | Identified a ring "Muk Tyca" {rC+ Dex+3 Stlth+} (You found
                  | it on level 4 of the Dungeon)
  2355 | D:4      | Reached skill level 6 in Maces & Flails
  2693 | D:4      | Reached XP level 6. HP: 27/53 MP: 5/5
  2938 | D:4      | HP: 2/53 [killer bee (2)]
  2939 | D:4      | Slain by a killer bee

Skill      XL: |  1  2  3  4  5 |
---------------+----------------+-----
Maces & Flails | 3 4 5 6 |  6.7
Fighting       | 4 |  4.5
Armour         | 4 |  4.5
Shields        | 4 |  4.4

Action                   |  1- 3 |  4- 6 || total
-------------------------+-------+-------++-------
Melee: Flail             |   102 |   101 ||   203
       Headbutt          |    14 |    22 ||    36
  Use: Potion            |       |     2 ||     2
  Eat: Chunk             |     1 |     6 ||     7
Armor: Scale mail        |    43 |     4 ||    47
       Chain mail        |       |    73 ||    73
Dodge: Dodged            |    23 |    40 ||    63
Block: Shield            |    50 |    74 ||   124
